 Dungeon Crawl Stone Soup version 0.19.0-19-g8c6edcc (webtiles) character file.

4817 Leybi the Covert (level 10, -7/46 HPs)
             Began as a Vine Stalker Assassin on Nov 13, 2016.
             Was a Believer of Elyvilon.
             Mangled by a porcupine (10 damage)
             ... on level 8 of the Dungeon.
             The game lasted 00:39:47 (9549 turns).

Leybi the Covert (Vine Stalker Assassin)            Turns: 9549, Time: 00:39:48

Health: -7/46      AC:  4    Str: 13    XL:     10   Next: 48%
Magic:  0/11       EV: 19    Int: 11    God:    Elyvilon [**....]
Gold:   391        SH:  0    Dex: 20    Spells: 0 memorised, 9 levels left

rFire  . . .     SeeInvis .     a - +2 dagger
rCold  . . .     Gourm    .     c - +0 robe
rNeg   . . .     Faith    .     (no shield)
rPois  .         Spirit   +     (no helmet)
rElec  .         Reflect  .     d - +0 cloak
rCorr  .         Harm     .     r - +0 pair of gloves
MR     +....                    (no boots)
Stlth  ++++++....               (no amulet)
                                (no ring)
                                M - ring of stealth

@: no status effects
A: fangs 3, regeneration 1, magic shield, antimagic bite, no device heal 3, rot
immunity
a: Lesser Healing, Heal Other, Divine Protection, Renounce Religion


You were on level 8 of the Dungeon.
You worshipped Elyvilon.
Elyvilon was pleased with you.
You were hungry.

You visited 1 branch of the dungeon, and saw 8 of its levels.
You also visited: Ossuary.

You collected 391 gold pieces.

Inventory:

Hand Weapons
 a - a +2 dagger (weapon)
 b - a +0 blowgun
Missiles
 e - 8 poisoned needles
 f - 2 curare-tipped needles
Armour
 c - a +0 robe (worn)
 d - a +0 cloak (worn)
 r - a +0 pair of gloves (worn)
 B - a cursed +0 shield
 Q - a +1 buckler of cold resistance
Jewellery
 M - a ring of stealth (left hand)
Wands
 w - a wand of polymorph (5/24)
 y - a wand of paralysis (16/24)
 I - a wand of lightning (9/15)
 K - a wand of digging (9/24)
Scrolls
 j - a scroll of teleportation {unknown}
 k - 2 scrolls of immolation {unknown}
 l - 4 scrolls of identify
 m - 3 scrolls of noise {unknown}
 n - 5 scrolls of remove curse {unknown}
 t - a scroll of enchant armour {unknown}
 C - a scroll of acquirement {unknown}
 J - 2 scrolls of magic mapping {unknown}
 L - a scroll of blinking {unknown}
 N - 5 scrolls of enchant weapon {unknown}
 O - a scroll of silence {unknown}
Potions
 h - 2 potions of might
 i - 6 potions of curing
 o - 3 potions of agility
 p - a potion of mutation
 s - a potion of magic
 u - 2 potions of haste
 x - 2 potions of heal wounds
 z - 5 potions of brilliance
 A - 2 potions of beneficial mutation
 D - 2 potions of flight {unknown}
 E - a potion of cure mutation {unknown}
 F - a potion of cancellation {unknown}
 G - 2 potions of degeneration {unknown}
 H - a potion of resistance {unknown}
Comestibles
 g - 4 bread rations
 q - 2 meat rations
 v - 3 fruits


   Skills:
 - Level 1.7 Fighting
 - Level 8.2 Short Blades
 - Level 1.7 Throwing
 - Level 8.9 Dodging
 + Level 9.7 Stealth


You had 9 spell levels left.
You didn't know any spells.

Dungeon Overview and Level Annotations

Branches:
Dungeon (8/15)             Temple (0/1) D:7            Lair (0/6) D:8

Altars:
Elyvilon
Kikubaaqudgha
Ru
Xom
Zin

Annotations:
D:5 skk's ghost, novice FoFi
D:7 Dowan; Duvessa; Joseph


Innate Abilities, Weirdness & Mutations

You have razor-sharp teeth.
Your natural rate of healing is unusually fast.
When hurt, damage is shared between your health and your magic reserves.
Your bite disrupts and absorbs the magic of your enemies.
Potions and wands cannot restore your health.
You are immune to rotting.


Message History

The porcupine is lightly wounded.
The porcupine bites you!
You hit the porcupine but do no damage. You bite the porcupine.
You drain its power.
You feel invigorated.
The porcupine is heavily wounded.
The porcupine bites you.
You are struck by the porcupine's spines.
You hit the porcupine but do no damage.
The porcupine is heavily wounded.
The porcupine misses you.
You are struck by the porcupine's spines.
* * * LOW HITPOINT WARNING * * *
You closely miss the porcupine. Your bite misses the porcupine.
The porcupine is heavily wounded.
The porcupine closely misses you. The porcupine bites you!
* * * LOW HITPOINT WARNING * * *
The porcupine twitches its whiskers.
The porcupine bites you!
You die...

######### #.......#
#.#####.# #.#####.#
######### ###....##.#
#...÷...#
#.......#.###.#####.#
#.#...#....÷..# #.#
#.#.....@†##### ##.##
###....##r### #...#
#.........# #...#
#....##...####### #...#
##### #.........#...).#
###.#
.....##..#..#..##....<#
#.#
.........##.#..##.....#
#.#
......#..##.#..##.....#
#.#
.....♣[........##.....#
#.#


You could see a porcupine.

Vanquished Creatures
  A hippogriff (D:8)
  6 yaks (D:7)
  A hungry ghost (D:7)
  2 basilisks (D:8)
  Menkaure (D:7)
  4 porcupines (D:8)
  3 sky beasts
  2 ogres
  A centaur (D:7)
  4 crocodiles (D:8)
  2 big kobolds (D:7)
  An elf zombie (D:4)
  A bullfrog (D:7)
  A gnoll sergeant (D:7)
  2 scorpions (D:7)
  3 crimson imps
  A jelly (D:3)
  4 human zombies (D:4)
  3 orc priests
  A hound (D:4)
  7 iguanas
  10 orc wizards
  A centaur skeleton (D:8)
  A human skeleton (D:4)
  Natasha (twice) (D:3)
  5 worker ants
  5 ogre zombies (Ossuary)
  A big kobold zombie (Ossuary)
  7 mummies (Ossuary)
  Robin (D:3)
  3 river rats (D:8)
  6 adders
  7 gnolls
  3 shadow imps
  An adder skeleton (D:4)
  5 worms
  2 dart slugs (D:1)
  6 leopard geckos
  28 orcs
  2 ball pythons
  11 bats
  A giant cockroach (D:3)
  18 goblins
  5 hobgoblins
  23 jackals
  7 quokkas
  2 frilled lizards
  4 goblin zombies (Ossuary)
  6 hobgoblin zombies (Ossuary)
  A jackal skeleton (D:4)
  17 kobolds
  2 kobold zombies (Ossuary)
  4 orc skeletons (D:4)
  An orc zombie (D:4)
  8 quokka zombies (Ossuary)
  7 rats
  4 rat zombies (Ossuary)
268 creatures vanquished.

Vanquished Creatures (others)
  A human (D:2)
  4 plants (D:8)
5 creatures vanquished.

Grand Total: 273 creatures vanquished

Notes
Turn   | Place    | Note
-------+----------+-------------------------------------------
     0 | D:1      | Leybi the Vine Stalker Assassin began the quest for the Orb.
     0 | D:1      | Reached XP level 1. HP: 11/11 MP: 2/2
    46 | D:1      | Reached skill level 1 in Dodging
    84 | D:1      | Reached XP level 2. HP: 8/15 MP: 3/3
   932 | D:2      | Reached XP level 3. HP: 18/18 MP: 4/4
   962 | D:2      | Found an ancient bone altar of Kikubaaqudgha.
   965 | D:2      | Noticed a human
   966 | D:2      | Killed a human
  1481 | D:2      | Gained mutation: Your natural rate of healing is unusually fast. [Vine Stalker growth]
  1481 | D:2      | Reached XP level 4. HP: 23/23 MP: 5/5
  2045 | D:3      | Noticed Robin
  2066 | D:3      | Reached XP level 5. HP: 7/26 MP: 2/6
  2368 | D:3      | Killed Robin
  2536 | D:3      | Noticed Natasha
  2595 | D:3      | Killed Natasha
  2637 | D:3      | Found a sacrificial altar of Ru.
  2682 | D:3      | Reached XP level 6. HP: 30/30 MP: 5/7
  2858 | D:3      | Noticed Natasha
  2870 | D:3      | Killed Natasha
  3554 | D:4      | Reached XP level 7. HP: 34/34 MP: 8/8
  3560 | D:4      | Found a sand-covered staircase.
  3586 | D:4      | Reached skill level 5 in Short Blades
  3596 | Ossuary  | Entered an ossuary
  4543 | D:4      | Reached skill level 5 in Dodging
  4770 | D:4      | Found a glowing silver altar of Zin.
  4770 | D:4      | Found a white marble altar of Elyvilon.
  4799 | D:4      | Gained mutation: You have razor-sharp teeth. [Vine Stalker growth]
  4799 | D:4      | Reached XP level 8. HP: 29/38 MP: 9/9
  4932 | D:4      | Became a worshipper of Elyvilon the Healer
  5233 | D:5      | Entered Level 5 of the Dungeon
  5233 | D:5      | Noticed skk's ghost (novice FoFi)
  6132 | D:5      | Reached * piety under Elyvilon
  6345 | D:6      | Noticed a yak
  6345 | D:6      | Noticed a yak
  6345 | D:6      | Noticed a yak
  6366 | D:6      | Noticed a yak
  6366 | D:6      | Noticed a yak
  6904 | D:6      | Reached ** piety under Elyvilon
  6945 | D:6      | Noticed a yak
  7106 | D:7      | Reached XP level 9. HP: 32/42 MP: 10/10
  7359 | D:7      | Found a shimmering altar of Xom.
  7386 | D:7      | Found a staircase to the Ecumenical Temple.
  7406 | D:7      | Noticed Dowan
  7407 | D:7      | Noticed Duvessa
  7826 | D:7      | HP: 2/42 [yak (9)]
  8425 | D:7      | Reached XP level 10. HP: 38/46 MP: 11/11
  8470 | D:7      | Noticed Menkaure
  8479 | D:7      | Noticed Joseph
  8485 | D:7      | Killed Menkaure
  8485 | D:7      | Reached skill level 5 in Stealth
  8610 | D:8      | Reached skill level 6 in Stealth
  8670 | D:8      | Reached skill level 7 in Stealth
  8833 | D:8      | Found a staircase to the Lair.
  8996 | D:8      | Reached skill level 8 in Stealth
  9406 | D:8      | Reached skill level 9 in Stealth
  9545 | D:8      | HP: 1/46 [porcupine (11)]
  9549 | D:8      | Mangled by a porcupine

Skill      XL: |  1  2  3  4  5  6  7  8  9 10 |
---------------+-------------------------------+-----
Short Blades   | 2 3 4 5 7 8 |  8.2
Dodging        | 1 2 3 4 5 6 8 |  8.9
Stealth        | 9 |  9.7
Fighting       | |  1.7
Throwing       | |  1.7

Action                   |  1- 3 |  4- 6 |  7- 9 | 10-12 || total
-------------------------+-------+-------+-------+-------++-------
Melee: Dagger            |    99 |   271 |   712 |   249 ||  1331
       Bite              |    25 |    99 |   262 |    81 ||   467
  Use: Scroll            |       |       |    12 |       ||    12
       Potion            |       |       |     1 |       ||     1
 Stab: Sleeping          |    10 |    10 |    36 |     2 ||    58
       Distracted        |       |       |     1 |     2 ||     3
  Eat: Chunk             |     2 |     7 |    13 |     4 ||    26
       Royal jelly       |       |       |     1 |       ||     1
Armor: Robe              |    22 |    38 |    44 |    12 ||   116
Dodge: Dodged            |    51 |    97 |   303 |   132 ||   583
